 Dungeon Crawl Stone Soup version 0.30-a0-622-gddc90eaa04 (webtiles) character file.

Game seed: 15586509883957502175

70 voltaire321 the Charlatan (level 4, 0/33 HPs)
             Began as a Demonspawn Artificer on Jan 10, 2023.
             Slain by a gnoll
             ... wielding a +0 club of chaos
              (2 damage)
             ... on level 3 of the Dungeon.
             The game lasted 00:05:05 (1393 turns).

voltaire321 the Charlatan (Demonspawn Artificer)    Turns: 1393, Time: 00:05:05

Health: 0/33       AC:  3    Str: 13    XL:     4   Next: 3%
Magic:  3/4        EV: 17    Int: 12    God:
Gold:   98         SH:  0    Dex: 15    Spells: 3/3 levels left

rFire   . . .      SeeInvis .    f - +2 dagger (venom)
rCold   . . .      Faith    .    (no shield)
rNeg    . . .      Spirit   .    b - +0 leather armour
rPois   .          Reflect  .    (no helmet)
rElec   .          Harm     .    (no cloak)
rCorr   .          Rampage  .    (no gloves)
Will    .....                    (no boots)
Stlth   +                        (no amulet)
HPRegen 0.25/turn                (no ring)
MPRegen 0.09/turn                (no ring)

@: agile
A: hooves 1, powered by death 1, demonic touch 1
a: no special abilities


You were on level 3 of the Dungeon.
You visited 1 branch of the dungeon, and saw 3 of its levels.

You collected 98 gold pieces.

Inventory:

Hand Weapons
 f - a +2 dagger of venom (weapon)
Missiles
 h - 2 poisoned darts
Armour
 b - a +0 leather armour (worn)
Wands
 c - a wand of flame (15) (quivered)
 d - a wand of charming (15)
 e - a wand of iceblast (5)
Scrolls
 g - a scroll of teleportation {unknown}
 i - a scroll of magic mapping {unknown}
 k - a scroll of identify {unknown}
 l - a scroll of vulnerability {unknown}
 m - a scroll of amnesia {unknown}
 n - a scroll of enchant weapon {unknown}
Potions
 a - a potion of curing {unknown}
 j - 2 potions of cancellation {unknown}


   Skills:
 + Level 2.0 Fighting
 + Level 2.4 Armour
 + Level 1.9 Dodging
 - Level 0.8 Stealth
 + Level 3.5 Evocations


You had 3 spell levels left.
You didn't know any spells.
Your spell library was empty.

Dungeon Overview and Level Annotations

Branches:
Dungeon (3/15)

Altars:


Innate Abilities, Weirdness & Mutations

You have large cloven feet.
You regenerate a little health from kills.
Your touch may inflict minor irresistible damage on your foes.


Message History

The gnoll hits you but does no damage.
A kobold comes into view. It is wielding a +0 dagger.
The gnoll hits you with a +0 club of chaos.
The gnoll hits you with a +0 club of chaos.
The gnoll burns you.
The gnoll hits you with a +0 club of chaos.
The gnoll burns you.
The orc hits you from afar with a +1 spear of chaos.
The orc freezes you.
The gnoll hits you with a +0 club of chaos.
You convulse.
The orc hits you from afar with a +1 spear of chaos.
The orc freezes you.
The gnoll hits you with a +0 club of chaos.
You are confused.
The orc hits you from afar with a +1 spear of chaos.
The gnoll hits you with a +0 club of chaos.
You feel your power leaking away.
The orc hits you from afar with a +1 spear of chaos.
* * * LOW HITPOINT WARNING * * *
The orc freezes you.
The gnoll hits you with a +0 club of chaos.
The orc hits you from afar with a +1 spear of chaos.
* * * LOW HITPOINT WARNING * * *
You convulse.
* * * LOW HITPOINT WARNING * * *
The gnoll hits you with a +0 club of chaos.
* * * LOW HITPOINT WARNING * * *
The gnoll freezes you.
* * * LOW HITPOINT WARNING * * *
You turn to flesh and can move again.
You are too confused!
Okay, then.
You are too confused!
You bump into the rock wall.
You feel less confused.
The orc hits you from afar with a +1 spear of chaos.
* * * LOW HITPOINT WARNING * * *
The gnoll hits you with a +0 club of chaos.
You die...

.. ##~ #.# #~# .~#
####.# ^~.~ยง.#
#....# ..... #..#.#
.# ~.#####
##.#.####
#..##.~..#
##.#..... #.#oK.#
####........
#g######....##.####
#.@......#####.#
########## #.# #.#
#.#### #..###
#.._## #.#.#.
###... ####


You could see a gnoll, an orc and a kobold.

Vanquished Creatures
  An adder (D:2)
  A worm (D:3)
  A dart slug (D:3)
  An orc (D:3)
  3 ball pythons
  6 endoplasms
  3 giant cockroaches
  8 goblins
  7 hobgoblins
  2 quokkas
  4 bats
  4 frilled lizards
  3 kobolds (D:1)
  6 rats
50 creatures vanquished.

Notes
Turn   | Place    | Note
-------+----------+-------------------------------------------
     0 | D:1      | voltaire321 the Demonspawn Artificer began the quest for
                  | the Orb.
     0 | D:1      | Reached XP level 1. HP: 15/15 MP: 1/1
    90 | D:1      | Reached skill level 1 in Dodging
   173 | D:1      | Gained mutation: You regenerate a little health from kills.
                  | [demonic ancestry]
   173 | D:1      | Reached XP level 2. HP: 18/21 MP: 2/2
   881 | D:2      | Discovered your monstrous ancestry.
   881 | D:2      | Gained mutation: You have large cloven feet. [demonic
                  | ancestry]
   881 | D:2      | Reached XP level 3. HP: 20/26 MP: 3/3
  1333 | D:3      | Gained mutation: Your touch may inflict minor irresistible
                  | damage on your foes. [demonic ancestry]
  1333 | D:3      | Reached XP level 4. HP: 33/33 MP: 4/4
  1345 | D:3      | Found a faded altar of an unknown god.
  1393 | D:3      | Slain by a gnoll

Illustrated notes

Levels and vault maps discovered:
D:1:      sevenhm_arrival_forest_fort_large_2, layout_rooms,
          grunt_decor_mini_mirrors
D:2:      layout_rooms, serial_glass, glass_columns_c, glass_columns_a
D:3:      layout_loops_ring, tgw_xom, ebering_ecumenical_altar_rust

Skill      XL: |  1  2  3 |
---------------+----------+-----
Dodging        | 1 |  1.9
Armour         | 2 |  2.4
Fighting       | 2 |  2.0
Stealth        | |  0.8
Evocations     | |  3.5

Action                   |  1- 3 |  4- 6 || total
-------------------------+-------+-------++-------
Melee: Club              |    22 |       ||    22
       Dagger            |   121 |     1 ||   122
       Kick              |    12 |       ||    12
       Touch             |       |     1 ||     1
Throw: Dart              |    12 |       ||    12
 Stab: Sleeping          |     5 |       ||     5
Armor: Leather armour    |    37 |     1 ||    38
Dodge: Dodged            |    80 |     1 ||    81

Table legend: (Time is in decaauts)
 A = Elapsed time spent in this place.
 B = Non-inter-level travel time spent in this place.
 C = Inter-level travel time spent in this place.
 D = Time resting spent in this place.
 E = Time spent auto-exploring this place.
 F = Levels seen in this place.
 G = Mean time per level.
                   A        B        C        D        E       F      G
               +--------+--------+--------+--------+--------+-----+--------+
         Total |   1399 |   1342 |     57 |    178 |    700 |   3 |  466.3 |
       Dungeon |   1399 |   1342 |     57 |    178 |    700 |   3 |  466.3 |
               +--------+--------+--------+--------+--------+-----+--------+

Top non-repeatable levels by time:
     D:1: 880 daAuts
     D:2: 347 daAuts
     D:3: 170 daAuts
